 Dungeon Crawl Stone Soup version 0.31.0-11-ge490571c62 (webtiles) character file.

Game seed: 15258090894779163735

385 Gadfly the Insei (level 6, -1/47 HPs)
             Began as a Demonspawn Monk on Feb 2, 2024.
             Slain by an orc priest
             ... wielding a +0 falchion
              (4 damage)
             ... on level 5 of the Dungeon.
             The game lasted 00:05:18 (3051 turns).

Gadfly the Insei (Demonspawn Monk)                  Turns: 3051, Time: 00:05:18

Health: -1/47      AC:  4    Str: 14    XL:     6   Next: 48%
Magic:  6/6        EV: 13    Int: 10    God:
Gold:   255        SH:  0    Dex: 15    Spells: 5/5 levels left

rFire   . . .        b - +0 hand axe (venom)
rCold   . . .        c - orb {light}
rNeg    . . .        a - +1 robe
rPois   .            (no helmet)
rElec   .            (no cloak)
rCorr   .            (no gloves)
SInv    .            (no boots)
Will    .....        k - amulet of regeneration
Stlth   +            (no ring)
HPRegen 1.07/turn    (no ring)
MPRegen 0.10/turn

%: no passive effects
@: lethally poisoned (-1 -> -2), glowing
A: sharp scales 1, weakness stinger 1
a: no special abilities


You were on level 5 of the Dungeon.
You visited 1 branch of the dungeon, and saw 5 of its levels.

You collected 255 gold pieces.

Inventory:

Hand Weapons
 b - a +0 hand axe of venom (weapon)
 f - a +0 short sword of freezing
Armour
 a - a +1 robe (worn)
 c - an orb of light (worn)
Jewellery
 k - an amulet of regeneration (around neck)
Talismans
 e - a serpent talisman
Scrolls
 g - a scroll of teleportation
 m - a scroll of enchant armour
Potions
 d - a potion of might
 i - a potion of haste
 j - 2 potions of curing


   Skills:
 - Level 3.0 Fighting
 + Level 3.5 Dodging
 * Level 4.2 Unarmed Combat
 * Level 3.1 Evocations
 * Level 2.7 Shapeshifting


You had 5 spell levels left.
You didn't know any spells.
Your spell library contained the following spells:

 Spells                   Type           Power      Damage    Failure   Level
 Ensorcelled Hibernation  Hex/Ice        0%         N/A       50%         2
 Lesser Beckoning         Tloc           0%         N/A       50%         2
 Static Discharge         Conj/Air       0%         3-3/arc   50%         2
 Fugue of the Fallen      Necr           0%         N/A       75%         3
 Gell's Gravitas          Tloc           0%         N/A       75%         3
 Teleport Other           Tloc           0%         N/A       75%         3
 Airstrike                Air            0%         2d(0-16)  98%         4
 Anguish                  Hex/Necr       0%         N/A       98%         4
 Summon Lightning Spire   Summ/Air       0%         N/A       98%         4


Dungeon Overview and Level Annotations

Branches:
Dungeon (5/15)
 Temple: D:4-7

Altars:
Cheibriados
Makhleb

Shops:
D:1 [   D:4 (


Innate Abilities, Weirdness & Mutations

You are partially covered in razor-sharp scales. (AC +1, Slay +1)
You have a small tail.


Message History

The orc priest miscasts a cantrip.
You are too injured to fight recklessly!
Unknown command.
You are too injured to fight recklessly!
Unknown command.
You are too injured to fight recklessly!
Unknown command.
You hit the scorpion.
The scorpion is poisoned.
Your tail-slap misses the scorpion.
The scorpion is lightly wounded.
You completely miss the orc priest. You hit the orc. You hit the orc priest.
You kill the orc priest!
The scorpion stings you.
You are poisoned.
The scorpion poisons you!
The orc priest hits you with a +0 falchion!
* * * LOW HITPOINT WARNING * * *
The orc barely misses you.
The scorpion stings you but does no damage.
You barely miss the scorpion.
The scorpion is lightly wounded.
You barely miss the orc priest. You hit the orc.
The orc is poisoned.
You hit the orc.
You feel very sick. The scorpion stings you.
* * * LOW HITPOINT WARNING * * *
The orc priest hits you with a +0 falchion.
* * * LOW HITPOINT WARNING * * *
The orc hits you with a +0 club.
* * * LOW HITPOINT WARNING * * *
The orc hits you but does no damage.
You hit the scorpion.
The scorpion looks as sick as possible!
You tail-slap the scorpion.
The scorpion is severely wounded.
You hit the orc.
You kill the orc!
You barely miss the orc. You barely miss the orc priest.
You feel sick.
You kill the scorpion!
The orc priest hits you with a +0 falchion.
You die...

### ##
#####..##..#
...........
##)........
#.†<.......
#o@........
......)o.....!..
#...............
#...............
#####...........
##..........
##......#..
#....###


You could see an orc priest (very poisoned) and an orc.

Vanquished Creatures
  Sigmund (D:2)
  A scorpion (D:5)
  An orc priest (D:5)
  2 iguanas (D:4)
  4 gnolls (D:4)
  5 adders
  8 orcs
  5 endoplasms
  2 giant cockroaches
  4 goblins
  4 hobgoblins
  5 jackals
  3 quokkas
  3 training dummies (D:4)
  6 ball pythons
  4 bats
  A frilled lizard (D:2)
  4 kobolds
  7 rats
70 creatures vanquished.

Notes
Turn   | Place    | Note
-------+----------+-------------------------------------------
     0 | D:1      | Gadfly the Demonspawn Monk began the quest for the Orb.
     0 | D:1      | Reached XP level 1. HP: 18/18 MP: 1/1
   448 | D:1      | You fall into a shaft and drop 1 floor!
   534 | D:1      | Found Haram's Armour Shoppe.
   745 | D:2      | Gained mutation: You have a small tail. [demonic ancestry]
   745 | D:2      | Reached XP level 2. HP: 21/24 MP: 2/2
   924 | D:2      | Reached skill level 3 in Unarmed Combat
   938 | D:2      | Noticed Sigmund
   983 | D:1      | Reached skill level 1 in Evocations
   983 | D:1      | Reached skill level 1 in Shapeshifting
   983 | D:1      | Gained mutation: You are partially covered in razor-sharp
                  | scales. (AC +1, Slay +1) [demonic ancestry]
   983 | D:1      | Reached XP level 3. HP: 14/29 MP: 3/3
  1085 | D:2      | Killed Sigmund
  1086 | D:2      | Reached XP level 4. HP: 9/35 MP: 4/4
  1086 | D:2      | Reached XP level 5. HP: 10/41 MP: 5/5
  1461 | D:2      | Found a snail-covered altar of Cheibriados.
  1748 | D:3      | Found a burning altar of Makhleb.
  1863 | D:3      | Reached skill level 4 in Unarmed Combat
  2605 | D:4      | Reached XP level 6. HP: 18/47 MP: 6/6
  2878 | D:4      | Found Jitestahe's Firing Range.
  3043 | D:5      | Entered Level 5 of the Dungeon
  3051 | D:5      | Slain by an orc priest

Illustrated notes

Levels and vault maps discovered:
D:1:      mainiacjoe_arrival_oval_in_oval, layout_basic, serial_shops, shop
D:2:      layout_rooms, basic_altar, st_stairs_3, uniq_sigmund
D:3:      layout_loops_ring, mainiacjoe_overflow_six_doors_small,
          chequers_serial_rivers_micro_d
D:4:      layout_gridville, nicolae_shop_firing_range
D:5:      layout_rooms, minmay_temple_entry_nine_rooms, portal_sewer_entry_f,
          grunt_ministairs_11, minmay_puff

Skill      XL: |  1  2  3  4  5  6 |
---------------+-------------------+-----
Unarmed Combat | 3 4 |  4.2
Evocations     | 1 2 3 |  3.1
Shapeshifting  | 1 2 |  2.7
Dodging        | 3 |  3.5
Fighting       | |  3.0

Action                     |  1- 3 |  4- 6 || total
---------------------------+-------+-------++-------
  Melee: Unarmed           |    68 |    40 ||   108
         Tailslap          |     6 |    21 ||    27
         Hand axe          |       |    60 ||    60
    Use: Scroll            |     5 |     6 ||    11
         Potion            |     2 |     1 ||     3
 Armour: Robe              |    42 |    60 ||   102
  Dodge: Dodged            |    71 |    73 ||   144
